 Dungeon Crawl Stone Soup version 0.25-a0-558-g78a2afb0af (webtiles) character file.

Game seed: 135007772221869047, levelgen mode: deterministic

98079 Gargoyl the Agent of Entropy (level 15, -2/126 HPs)
             Began as a Centaur Abyssal Knight on Feb 24, 2020.
             Was a Priest of Lugonu.
             Slain by a sixfirhy (10 damage)
             ... on level 1 of the Abyss on Feb 25, 2020.
             The game lasted 01:00:22 (39342 turns).

Gargoyl the Agent of Entropy (CeAK)                Turns: 39342, Time: 01:00:23

Health: -2/126     AC: 37    Str: 24    XL:     15   Next: 73%
Magic:  17/25      EV:  8    Int: 15    God:    Lugonu [***...]
Gold:   1243       SH: 18    Dex: 11    Spells: 14/14 levels left

rFire    . . .     SeeInvis .   y - +4 war axe
rCold    . . .     Gourm    .   g - +2 tower shield {AC+3}
rNeg     . . .     Faith    .   H - +7 plate armour {MR+}
rPois    +         Spirit   .   j - +2 helmet
rElec    .         Reflect  .   n - +0 cloak
rCorr    .         Harm     .   e - +2 pair of gloves of Winter {Int+4}
MR       ++...                  h - +0 centaur barding
Stlth    ..........             (no amulet)
HPRegen  0.31/turn              f - +3 ring of strength
MPRegen  0.19/turn              K - +4 ring of evasion

@: mighty, starving, very quick
A: large, hooves 3, deformed body, speed 2, poison resistance, strong 1, tough
skin 3
a: Depart the Abyss, Bend Space, Banish, Renounce Religion


You were on level 1 of the Abyss.
You worshipped Lugonu.
Lugonu was most pleased with you.
You were starving.

You visited 4 branches of the dungeon, and saw 25 of its levels.
You visited the Abyss 3 times.
You visited 1 bazaar.

You collected 2025 gold pieces.
You spent 782 gold pieces at shops.

Inventory:

Hand Weapons
 a - a +1 hand axe
 o - a +1 war axe of electrocution
 t - a +2 scimitar of flaming
 y - a +4 war axe (weapon)
Missiles
 p - 50 boomerangs (quivered)
Armour
 e - the +2 pair of gloves of Winter (worn) {Int+4}
   (You found it on level 2 of the Abyss)

   It affects your intelligence (+4).
   If you remove this armour, your AC will decrease by 4 (37 -> 33).
 g - a +2 tower shield of protection (worn)
 h - a +0 centaur barding (worn)
 j - a +2 helmet (worn)
 n - a +0 cloak (worn)
 H - a +7 plate armour of magic resistance (worn)
Jewellery
 d - an uncursed ring of flight
 f - a +3 ring of strength (left hand)
 z - an uncursed ring of protection from fire
 K - a +4 ring of evasion (right hand)
Wands
 b - a wand of polymorph (26)
 l - a wand of disintegration (19)
 m - a wand of random effects (23)
 r - a wand of iceblast (13)
 A - a wand of enslavement (9)
 D - a wand of flame (48)
 E - a wand of digging (1)
Scrolls
 i - 2 scrolls of blinking
 v - 3 scrolls of fog
 B - 7 scrolls of remove curse
 I - 2 scrolls of magic mapping
 L - a scroll of identify
Potions
 q - 6 potions of brilliance
 s - 4 potions of lignification
 w - a potion of magic
 x - 2 potions of flight
 C - a potion of invisibility
 G - 2 potions of cancellation {unknown}
 M - a potion of mutation
Comestibles
 c - 41 rations


   Skills:
 + Level 9.7 Fighting
 + Level 0.1 Long Blades
 + Level 13.0 Axes
 + Level 1.1 Throwing
 * Level 10.4 Armour
 * Level 8.9 Dodging
 + Level 7.4 Shields
 * Level 13.3 Invocations
 + Level 0.1 Evocations


You had 14 spell levels left.
You didn't know any spells.
Your spell library contained the following spells:

 Spells                   Type           Power        Failure   Level  Hunger
 Beastly Appendage        Tmut           #.....       100%        1    ##.....
 Corona                   Hex            #......      100%        1    ##.....
 Foxfire                  Conj/Fire      #...         100%        1    ##.....
 Magic Dart               Conj           #...         100%        1    ##.....
 Ensorcelled Hibernation  Hex/Ice        #.....       100%        2    ###....
 Searing Ray              Conj           #.....       100%        2    ###....
 Sticks to Snakes         Tmut           #.......     100%        2    ###....
 Confusing Touch          Hex            #.......     100%        3    ####...
 Conjure Flame            Conj/Fire      #.......     100%        3    ####...
 Dazzling Flash           Conj/Hex       #.....       100%        3    ####...
 Gell's Gravitas          Tloc           #.........   100%        3    ####...
 Inner Flame              Hex/Fire       #.......     100%        3    ####...
 Spider Form              Tmut/Pois      #.........   100%        3    ####...
 Tukima's Dance           Hex            #.......     100%        3    ####...
 Fulminant Prism          Conj/Hex       #.........   100%        4    #####..
 Ice Form                 Ice/Tmut       #.......     100%        4    #####..
 Iskenderun's Mystic Bla  Conj/Tloc      #.......     100%        4    #####..
 Petrify                  Tmut/Erth      #.......     100%        4    #####..
 Sticky Flame             Conj/Fire      #.......     100%        4    #####..
 Blade Hands              Tmut           #.........   100%        5    ######.
 Bolt of Magma            Conj/Fire/Erth #.........   100%        5    ######.
 Fireball                 Conj/Fire      #.........   100%        5    ######.
 Metabolic Englaciation   Hex/Ice        #.........   100%        5    ######.
 Yara's Violent Unravell  Hex/Tmut       #.........   100%        5    ######.
 Freezing Cloud           Conj/Ice/Air   #.........   100%        6    #######


Dungeon Overview and Level Annotations

Branches:
Dungeon (15/15)            Temple (0/1) D:5            Lair (6/6) D:8
 Shoals (0/4) Lair:3       Spider (1/4) Lair:3        Slime (0/5) Lair:6
    Orc (2/2) D:10            Elf (0/3) Orc:2        Vaults (0/5) D:14
 Depths (0/5) D:15

Altars:
Ashenzari
Hepliaklqana
Nemelex Xobeh
Ru
Beogh
Jiyva

Shops:
D:9 [   D:10 :   Orc:2 }([*

Annotations:
Lair:6 1 runed translucent door


Innate Abilities, Weirdness & Mutations

You have hooves in place of feet.
Armour fits poorly on your strangely shaped body.
You cover ground very quickly.
You have extremely tough skin. (AC +3)
Your system is resistant to poisons. (rPois)
Your muscles are strong. (Str +2)


Message History

The wraith hits you but does no damage.
A large abomination comes into view.
The jumping spider leaps!
You block the worldbinder's attack.
The worldbinder hits you but does no damage.
Your plate armour prevents you from hitting the worldbinder.
You kick the worldbinder!
The worldbinder is almost destroyed.
Your plate armour prevents you from hitting the wraith.
You block the wraith's attack. You block the worldbinder's attack.
The worldbinder barely misses you.
The jumping spider leaps!
Unknown command.
You hit the worldbinder.
You destroy the worldbinder!
Reactivating autopickup.
The wraith disappears in a puff of smoke!
The jumping spider disappears in a puff of smoke!
You block the sixfirhy's attack. The sixfirhy hits you.
* * * LOW HITPOINT WARNING * * *
The sixfirhy shocks you!
You die...

.°$ #s#
#.# ..§
#s# ##x##
#§8.# #@#
## ##
##3##$# +
..°§.x≈#
##.##.#.$#
# #X####
$.. ####


You could see a large abomination, a worldbinder, a sixfirhy and 2 jumping
spiders.

Vanquished Creatures
  Kirke (D:13)
  An orc warlord (Orc:1)
  A stone giant (Orc:2)
  Nessos (D:13)
  7 dire elephants
  Snorg (D:12)
  Azrael (D:15)
  A hydra (Abyss:1)
  Erolcha (D:12)
  A yaktaur captain (D:14)
  2 two-headed ogres (D:12)
  Erica (Lair:1)
  A queen ant (Lair:2)
  An anaconda (Lair:6)
  3 death yaks
  An orc high priest (Orc:2)
  Urug (D:11)
  A deep elf knight (D:13)
  Nergalle (Lair:1)
  3 unseen horrors
  Pikel (D:5)
  An orc knight (Orc:2)
  A harpy (shapeshifter) (D:13)
  4 orc sorcerers
  9 ugly things
  An orb spider (Spider:1)
  A worldbinder (Abyss:1)
  3 wolf spiders (Lair:3)
  3 deep elf magi
  A wolf spider zombie (D:12)
  6 cyclopes
  3 manticores (D:15)
  Maurice (D:12)
  2 merfolk sirens (Lair:3)
  8 elephants
  2 black mambas
  Joseph (D:9)
  13 spiny frogs
  A gargoyle (D:12)
  A freezing wraith (D:15)
  8 komodo dragons
  2 yaktaurs (D:14)
  A kobold demonologist (D:12)
  4 rime drakes
  A queen bee (Lair:2)
  2 merfolk (Lair:3)
  A tengu conjurer (D:10)
  A meliai (Lair:2)
  7 trolls
  A polar bear (Lair:5)
  2 jumping spiders
  2 hornets
  2 slime creatures (D:15)
  15 dream sheep
  5 blink frogs
  17 hippogriffs
  2 shadows (D:15)
  5 tarantellas
  2 wraiths
  28 yaks
  Sigmund (D:5)
  A water elemental (D:15)
  5 fire elementals (D:15)
  14 redbacks
  20 wyverns
  Eustachio (D:4)
  A vampire (D:14)
  2 steam dragons
  A hog (D:13)
  10 basilisks
  4 hungry ghosts
  A redback simulacrum (D:15)
  3 soldier ants (Lair:2)
  A warg (Orc:1)
  Duvessa (D:5)
  13 water moccasins
  5 porcupines (Lair:4)
  32 orc warriors
  A sky beast (D:7)
  An eye of draining (D:8)
  8 ice beasts
  A black bear (D:11)
  2 phantoms
  2 slaves (D:5)
  3 wolves (Lair:3)
  7 centaurs
  11 ogres
  16 crocodiles
  Blork the orc (D:5)
  6 big kobolds
  20 bullfrogs
  Dowan (D:5)
  A wyvern skeleton (D:14)
  2 scorpions
  A water moccasin skeleton (D:7)
  27 killer bees
  8 wights
  9 howler monkeys
  3 crimson imps
  3 bullfrog zombies
  2 quasits
  3 centaur zombies
  11 hounds
  20 orc priests
  4 bullfrog skeletons
  4 jellies
  Crazy Yiuf (D:3)
  25 orc wizards
  Terence (D:3)
  A gnoll shaman (D:5)
  4 iguanas
  3 hell rats
  18 worker ants
  2 hound zombies
  A hound skeleton (D:4)
  2 worker ant zombies
  A howler monkey skeleton (D:4)
  15 gnolls
  11 adders
  6 river rats
  3 shadow imps
  An adder skeleton (D:4)
  2 worms
  A dart slug (D:1)
  9 leopard geckos
  81 orcs
  10 giant cockroaches
  12 hobgoblins
  10 jackals
  5 quokkas
  10 bats
  4 frilled lizards
  6 goblins
  66 kobolds
  A leopard gecko skeleton (D:6)
  A quokka skeleton (D:5)
  A quokka zombie (D:5)
  12 rats
  2 fungi (Lair:2)
  3 plants
827 creatures vanquished.

Vanquished Creatures (others)
  9 hydras
  2 oklob plants
  A wolf spider (Spider:1)
  A manticore (Lair:2)
  2 centaur zombies (D:15)
  A spiny frog (Lair:1)
  A rime drake (Lair:2)
  A jumping spider (Spider:1)
  2 humans (D:13)
  A vampire (D:9)
  A hungry ghost (D:10)
  An acid dragon (D:10)
  An orc warrior (D:6)
  4 electric eels (Lair:1)
  A leopard gecko (D:6)
  7 fungi
  18 plants
54 creatures vanquished.

Grand Total: 881 creatures vanquished

Notes
Turn   | Place    | Note
-------+----------+-------------------------------------------
     0 | Abyss:1  | Gargoyl the Centaur Abyssal Knight began the quest for the
                  | Orb.
     0 | Abyss:1  | Reached XP level 1. HP: 19/19 MP: 2/2
    41 | Abyss:2  | Noticed a starcursed mass
    82 | Abyss:2  | Got a pair of translucent gloves
    88 | Abyss:2  | Identified the +2 pair of gloves of Winter {Int+4} (You
                  | found it on level 2 of the Abyss)
    88 | Abyss:2  | Noticed a small abomination
    93 | Abyss:2  | Noticed a wretched star
    94 | D:1      | Escaped the Abyss
   273 | D:1      | Reached XP level 2. HP: 24/26 MP: 3/3
   334 | D:1      | Reached * piety under Lugonu
   653 | D:2      | Reached skill level 1 in Dodging
   715 | D:2      | Reached XP level 3. HP: 23/31 MP: 4/4
  1390 | D:2      | Reached XP level 4. HP: 39/39 MP: 5/5
  1718 | D:3      | Reached ** piety under Lugonu
  2145 | D:3      | Found a runed translucent door.
  2146 | D:3      | Noticed Crazy Yiuf
  2391 | D:3      | Noticed a big kobold
  2405 | D:3      | Killed a big kobold
  2405 | D:3      | Reached XP level 5. HP: 39/46 MP: 7/7
  2452 | D:3      | Noticed Terence
  2483 | D:3      | Killed Terence
  2578 | D:3      | Reached *** piety under Lugonu
  2659 | D:3      | Reached XP level 6. HP: 52/52 MP: 8/8
  3153 | D:3      | Killed Crazy Yiuf
  3200 | D:4      | Noticed Eustachio
  3206 | D:4      | Reached **** piety under Lugonu
  3231 | D:4      | Killed Eustachio
  3231 | D:4      | Reached XP level 7. HP: 27/59 MP: 9/9
  3898 | D:4      | Found a hazy altar of Hepliaklqana.
  4029 | D:5      | Entered Level 5 of the Dungeon
  4309 | D:5      | Reached skill level 5 in Axes
  4405 | D:5      | Reached XP level 8. HP: 66/67 MP: 11/11
  4508 | D:5      | Noticed Sigmund
  4529 | D:5      | Killed Sigmund
  4724 | D:5      | Noticed Duvessa
  4725 | D:5      | Noticed Blork the orc
  4725 | D:5      | Noticed Dowan
  4737 | D:5      | Killed Duvessa
  4745 | D:5      | Killed Blork the orc
  4776 | D:5      | Killed Dowan
  4776 | D:5      | Reached skill level 5 in Invocations
  5698 | D:5      | Found a staircase to the Ecumenical Temple.
  5813 | D:6      | Noticed Pikel
  6022 | D:5      | Killed Pikel
  6022 | D:5      | Reached skill level 5 in Fighting
  6022 | D:5      | Reached XP level 9. HP: 70/74 MP: 11/13
  6433 | D:6      | Found a shattered altar of Ashenzari.
  6869 | D:6      | Reached skill level 5 in Armour
  7688 | D:7      | Gained mutation: Your spells are a little easier to cast,
                  | but a little less powerful. [potion of mutation]
  7688 | D:7      | Gained mutation: You are weak. (Str -2) [potion of
                  | mutation]
  7688 | D:7      | Gained mutation: You are partially covered in thin metallic
                  | scales. (AC +2) [potion of mutation]
  7916 | D:7      | Reached ***** piety under Lugonu
  8373 | D:6      | Reached XP level 10. HP: 43/83 MP: 14/14
  9360 | D:8      | Lost mutation: Your spells are a little easier to cast, but
                  | a little less powerful. [potion of mutation]
  9360 | D:8      | Lost mutation: You are partially covered in thin metallic
                  | scales. (AC +2) [potion of mutation]
  9360 | D:8      | Lost mutation: You are weak. (Str -2) [potion of mutation]
  9360 | D:8      | Gained mutation: You have a pair of small horns on your
                  | head. [potion of mutation]
  9360 | D:8      | Gained mutation: You evolve. [potion of mutation]
  9721 | D:8      | Found a staircase to the Lair.
  9938 | D:9      | Found a sparkling altar of Nemelex Xobeh.
 10197 | D:9      | Found Naefial's Armour Shoppe.
 10511 | D:9      | Bought a +2 plate armour of magic resistance for 400 gold
                  | pieces
 11012 | D:10     | Entered Level 10 of the Dungeon
 11273 | D:10     | Noticed Joseph
 11650 | D:9      | Killed Joseph
 11963 | D:10     | Found a sacrificial altar of Ru.
 11994 | D:10     | Found a staircase to the Orcish Mines.
 12203 | D:10     | Found Wikaphetz's Book Boutique.
 12568 | D:11     | Found a flickering gateway to a bazaar.
 12600 | Bazaar   | Entered a bazaar
 12600 | Bazaar   | Found Neac's Jewellery Boutique.
 12600 | Bazaar   | Found Romoif's Gadget Shoppe.
 12600 | Bazaar   | Found Naru's Armour Shop.
 12600 | Bazaar   | Found Jaiwafir's Book Shoppe.
 12602 | Bazaar   | Found Kouh's Distillery.
 12646 | Bazaar   | Bought a potion of heal wounds for 45 gold pieces
 12646 | Bazaar   | Bought a potion of heal wounds for 45 gold pieces
 12646 | Bazaar   | Bought a potion of heal wounds for 45 gold pieces
 12646 | Bazaar   | Bought a potion of heal wounds for 45 gold pieces
 12646 | Bazaar   | Bought a potion of mutation for 72 gold pieces
 12647 | Bazaar   | Lost mutation: You have a pair of small horns on your head.
                  | [potion of mutation]
 12647 | Bazaar   | Lost mutation: You evolve. [potion of mutation]
 12647 | Bazaar   | Gained mutation: Your muscles are strong. (Str +2) [potion
                  | of mutation]
 12647 | Bazaar   | Gained mutation: Your system is resistant to poisons.
                  | (rPois) [potion of mutation]
 12738 | D:11     | Noticed Urug
 12777 | D:11     | Noticed a cyclops
 13192 | D:10     | Killed a cyclops
 13192 | D:10     | Reached XP level 11. HP: 87/91 MP: 16/16
 13372 | D:11     | Killed Urug
 13372 | D:11     | Reached skill level 5 in Dodging
 13589 | D:11     | Identified the cursed +1 leather armour of an ossuary {rN+
                  | MR- Str+4 Int+7}
 13611 | D:11     | Noticed a six-headed hydra
 13614 | D:11     | Banished a six-headed hydra
 13614 | D:11     | Reached skill level 1 in Shields
 13924 | D:11     | Killed an unseen horror
 14132 | Lair:1   | Entered Level 1 of the Lair of Beasts
 15994 | Lair:2   | Noticed an oklob plant
 16251 | Lair:2   | Banished an oklob plant
 16365 | Lair:2   | Reached skill level 1 in Throwing
 16468 | Lair:2   | Noticed Sonja
 16473 | Lair:2   | Noticed Erica
 16477 | Lair:2   | Noticed Nergalle
 16506 | Lair:1   | Killed Erica
 16645 | Lair:1   | Killed Nergalle
 16882 | Lair:2   | Noticed Sonja
 16882 | Lair:2   | Sonja changed into Sonja the meliai
 16887 | Lair:2   | Killed Sonja the meliai
 17383 | Lair:2   | Noticed a queen ant
 17414 | Lair:2   | Killed a queen ant
 17414 | Lair:2   | Reached XP level 12. HP: 30/100 MP: 19/19
 19353 | Lair:2   | Reached skill level 10 in Axes
 19829 | Lair:2   | Reached skill level 10 in Invocations
 20676 | Lair:3   | Found a staircase to the Shoals.
 20971 | Lair:3   | Noticed a seven-headed hydra
 21175 | Lair:2   | Banished a seven-headed hydra
 21354 | Lair:3   | Reached XP level 13. HP: 107/107 MP: 20/20
 21391 | Lair:3   | Found a hole to the Spider Nest.
 24555 | Lair:6   | Entered Level 6 of the Lair of Beasts
 24555 | Lair:6   | Found a runed translucent door.
 24555 | Lair:6   | Found a viscous altar of Jiyva.
 24658 | Lair:5   | Reached skill level 5 in Shields
 24898 | Lair:6   | Found a staircase to the Slime Pits.
 26061 | Lair:6   | Reached XP level 14. HP: 116/116 MP: 22/22
 28826 | D:12     | Noticed Erolcha
 28839 | D:12     | Killed Erolcha
 29313 | D:12     | Noticed Maurice
 29332 | D:12     | Killed Maurice
 29510 | D:12     | Noticed Snorg
 29573 | D:12     | Killed Snorg
 30331 | D:13     | Noticed Kirke
 30364 | D:13     | Killed Kirke
 30691 | D:13     | Noticed Nessos
 30721 | D:13     | Killed Nessos
 31676 | D:14     | Found a gate to the Vaults.
 31696 | D:14     | Reached skill level 10 in Armour
 32100 | D:14     | Identified the Collected Works on Ice and Arcane Weapons
 32206 | D:14     | Reached XP level 15. HP: 88/124 MP: 24/24
 32896 | D:15     | Entered Level 15 of the Dungeon
 33460 | D:15     | Noticed Azrael
 33488 | D:15     | Killed Azrael
 34905 | D:15     | Found a staircase to the Depths.
 35518 | Orc:1    | Entered Level 1 of the Orcish Mines
 35728 | Orc:2    | Entered Level 2 of the Orcish Mines
 35827 | Orc:2    | Found a roughly hewn altar of Beogh.
 35931 | Orc:2    | Found a roughly hewn altar of Beogh.
 36481 | Orc:2    | Found a staircase to the Elven Halls.
 36789 | Orc:2    | Found a roughly hewn altar of Beogh.
 36830 | Orc:2    | Found a roughly hewn altar of Beogh.
 36841 | Orc:2    | Found Vaunadu's Gadget Shop.
 36970 | Orc:2    | Noticed an orc warlord
 37392 | Orc:2    | Found a roughly hewn altar of Beogh.
 37406 | Orc:2    | Found Hokughu's Assorted Antiques.
 37673 | Orc:1    | Reached ****** piety under Lugonu
 37792 | Orc:1    | Killed an orc warlord
 38248 | Orc:2    | Found Soxar's Antique Armour Boutique.
 38252 | Orc:2    | Found Loant's Antique Weapon Shop.
 38279 | Orc:2    | Found a roughly hewn altar of Beogh.
 38293 | Orc:2    | Bought a glowing war axe for 130 gold pieces
 38503 | Spider:1 | Entered Level 1 of the Spider Nest
 38508 | Spider:1 | Got a dazzling hand axe
 38525 | Lair:3   | Identified the cursed +1 hand axe of Floods {drain, Int+3}
                  | (You found it on level 1 of the Spider Nest)
 39271 | Abyss:1  | Noticed a tentacled starspawn
 39273 | Spider:1 | Escaped the Abyss
 39324 | Spider:1 | You fall into a shaft and drop 1 floor!
 39334 | Abyss:1  | HP: 1/126 [sixfirhy (11)]
 39342 | Abyss:1  | Slain by a sixfirhy

Levels and vault maps discovered:
D:1:      lightli_arrival_chessboard, layout_rooms
D:2:      layout_loops_ring
D:3:      minmay_goblin_kobold_castle, layout_rooms, uniq_crazy_yiuf_cottage,
          uniq_terence
D:4:      layout_basic, nicolae_overflow_crystal_walls, first_ration,
          glass_columns_a, uniq_eustachio
D:5:      layout_loops_corners, minmay_temple_entry_enclosed_plants,
          kennysheep_generic_room_9, uniq_blork_the_orc, uniq_duvessa,
          uniq_sigmund
D:6:      layout_rooms, ashenzari_altar_1, uniq_pikel
D:7:      layout_gridville
D:8:      layout_rooms, lair_entry_dummy
D:9:      layout_loops_cross, serial_shops, nicolae_shop_crystal, basic_altar
D:10:     layout_layer_cave, orc_0_dummy, basic_altar, serial_shops,
          nicolae_shop_behind_doors, grunt_tengu_nest, uniq_joseph
D:11:     layout_cave_pools, serial_shops, bzr_entry_islet, uniq_urug
D:12:     layout_stronghold, nrook_campfire, uniq_erolcha, uniq_maurice,
          uniq_snorg
D:13:     layout_layer_cave, wad_mini_maze, uniq_kirke, uniq_nessos
D:14:     layout_roguey, david_vaults_2, serial_co_window_serial,
          co_window_corner_a, co_window_corner_a, co_window_corner_a,
          co_window_paths_a, co_window_corner_a, co_window_corner_a,
          co_window_corner_a, co_window_broadway_a, co_window_corner_cb,
          co_window_broadway_c, co_window_2corner, co_window_broadway_a,
          glass_columns_a
D:15:     hangedman_depths_entry_try_elsewhere_first, layout_basic,
          bh_walls_and_bars, uniq_azrael
Lair:1:   layout_gridlike, minivault_26, serial_bayou_shore_a
Lair:2:   regret_index_wax_grids, layout_layer_cave, minmay_another_anthill,
          lemuel_fruit_fields, uniq_sonja, uniq_erica, uniq_nergalle
Lair:3:   layout_chaotic_city, elwin_shoals_entry_stream,
          spider_nest_entry_funnel_web, kennysheep_abandoned_house
Lair:4:   layout_cave_pods
Lair:5:   layout_hall_layers, grunt_megastairs_3, minmay_lair_oklob_chamber,
          infiniplex_staircase_pool_2
Lair:6:   due_jungle_book, layout_gridlike, slime_altar_2, special_room
          [special_room_mythical_zoo], grunt_megastairs_4
Spider:1: layout_spider_delve, portal_ice_cave_entry_pillars_three
Spider:2: layout_spider_delve
Orc:1:    layout_caves
Orc:2:    grunt_orc_community_town_hall, layout_caves,
          grunt_orc_community_big_house_2, grunt_orc_community_big_house_2,
          grunt_orc_community_house_3, grunt_orc_community_house_2,
          grunt_orc_community_house_3, grunt_orc_community_house_3,
          grunt_orc_community_house_3, nicolae_orc_lost_temple
Abyss:1:  base: Lair:4, base: Lair:3, hangedman_cross_veins

Skill      XL: |  1  2  3  4  5  6  7  8  9 10 11 12 13 14 15 |
---------------+----------------------------------------------+-----
Axes           | 2 3 4 5 6 7 8 9 10 11 12 13 | 13.0
Dodging        | 1 2 3 4 5 6 7 8 |  8.9
Armour         | 2 3 4 5 6 7 8 9 10 | 10.4
Invocations    | 3 4 5 6 7 9 10 11 12 13 | 13.3
Fighting       | 4 5 6 7 8 9 |  9.7
Shields        | 2 4 5 6 7 |  7.4
Throwing       | 1 |  1.1
Long Blades    | |  0.1
Evocations     | |  0.1

Action                   |  1- 3 |  4- 6 |  7- 9 | 10-12 | 13-15 || total
-------------------------+-------+-------+-------+-------+-------++-------
Melee: Hand axe          |    98 |   239 |   398 |       |       ||   735
       Kick              |    16 |    46 |   142 |   316 |   612 ||  1132
       War axe           |       |       |   123 |  1060 |  1553 ||  2736
       Headbutt          |       |       |       |    26 |       ||    26
       Scimitar          |       |       |       |       |     5 ||     5
Throw: Boomerang         |       |       |     2 |    18 |    16 ||    36
Invok: Depart the Abyss  |     1 |       |       |       |     1 ||     2
       Banish            |       |       |     1 |    20 |    23 ||    44
       Bend Space        |       |       |       |       |     2 ||     2
       Enter the Abyss   |       |       |       |       |     2 ||     2
Evoke: Wand              |       |       |       |     4 |     1 ||     5
  Use: Scroll            |       |     9 |     9 |    13 |    22 ||    53
       Potion            |       |       |     4 |    11 |     8 ||    23
 Stab: Distracted        |       |       |       |     1 |       ||     1
       Invisible         |       |       |       |       |     6 ||     6
  Eat: Chunk             |     1 |     4 |    16 |    29 |    44 ||    94
       Ration            |       |       |     4 |     9 |     4 ||    17
Armor: Chain mail        |    81 |   189 |   381 |   102 |       ||   753
       Skin              |       |       |    10 |       |       ||    10
       Plate armour      |       |       |       |   708 |   960 ||  1668
Dodge: Dodged            |    62 |   155 |   300 |   378 |   408 ||  1303
Block: Tower shield      |       |       |       |   790 |  1581 ||  2371
       Buckler           |       |       |       |     4 |       ||     4

Table legend:
 A = Non-vault XP
 B = Vault XP
 C = Vault XP percentage of total XP
 D = Non-vault monster count
 E = Vault monster count
 F = Vault count percentage of total count
                 A         B        C        D         E       F
            +---------+---------+-------+---------+---------+-------
      Total |   87633 |   52481 |  37.5 |     565 |     287 |  33.7
            +---------+---------+-------+---------+---------+-------
        D:1 |      28 |       0 |   0.0 |      17 |       0 |   0.0
        D:2 |      83 |       0 |   0.0 |      25 |       0 |   0.0
        D:3 |      61 |     485 |  88.8 |      25 |      57 |  69.5
        D:4 |     289 |     203 |  41.3 |      19 |       1 |   5.0
        D:5 |     766 |    1187 |  60.8 |      29 |       6 |  17.1
        D:6 |    1433 |       0 |   0.0 |      33 |       0 |   0.0
        D:7 |    1756 |       0 |   0.0 |      29 |       0 |   0.0
        D:8 |     986 |       0 |   0.0 |      24 |       0 |   0.0
        D:9 |     952 |     434 |  31.3 |      23 |       1 |   4.2
       D:10 |    1963 |     316 |  13.9 |      24 |       1 |   4.0
       D:11 |    2177 |     859 |  28.3 |      16 |       1 |   5.9
       D:12 |    5212 |    2721 |  34.3 |      25 |       3 |  10.7
       D:13 |    2817 |    5232 |  65.0 |      15 |       6 |  28.6
       D:14 |    6168 |    1692 |  21.5 |      32 |       3 |   8.6
       D:15 |    9265 |    4792 |  34.1 |      24 |      10 |  29.4
     Lair:1 |    3349 |    1719 |  33.9 |      18 |       2 |  10.0
     Lair:2 |    5235 |    8223 |  61.1 |      24 |      62 |  72.1
     Lair:3 |   10156 |    3319 |  24.6 |      37 |      24 |  39.3
     Lair:4 |    5876 |       0 |   0.0 |      22 |       0 |   0.0
     Lair:5 |    7649 |    4725 |  38.2 |      21 |      19 |  47.5
     Lair:6 |   12089 |    9397 |  43.7 |      27 |      29 |  51.8
   Spider:1 |    1706 |       0 |   0.0 |       5 |       0 |   0.0
   Spider:2 |     214 |       0 |   0.0 |       1 |       0 |   0.0
      Orc:1 |    2236 |    2601 |  53.8 |      26 |       8 |  23.5
      Orc:2 |    4157 |    4046 |  49.3 |      23 |      53 |  69.7
    Abyss:1 |    1010 |     530 |  34.4 |       1 |       1 |  50.0
            +---------+---------+-------+---------+---------+-------
